 Dungeon Crawl Stone Soup version 0.25-a0-815-gab441bd002 (webtiles) character file.

Game seed: 5780243666986369132, levelgen mode: deterministic

6874 Maedhros the Martial Artist (level 11, -13/71 HPs)
             Began as an Octopode Artificer on Apr 20, 2020.
             Was a High Priest of Cheibriados.
             Mangled by a slime creature (19 damage)
             ... on level 10 of the Dungeon.
             The game lasted 00:22:43 (4528 turns).

Maedhros the Martial Artist (Octopode Artificer)    Turns: 4528, Time: 00:22:43

Health: -13/71     AC:  1    Str: 26    XL:     11   Next: 6%
Magic:  11/16      EV: 19    Int: 27    God:    Cheibriados [*****.]
Gold:   464        SH:  0    Dex: 30    Spells: 3/14 levels left

rFire    . . .     SeeInvis .     - Unarmed
rCold    . . .     Gourm    .   (no shield)
rNeg     . . .     Faith    .   (helmet restricted)
rPois    .         Spirit   .   (no amulet)
rElec    .         Reflect  .   g - ring of wizardry
rCorr    .         Harm     .   (no ring)
MR       .....                  (no ring)
Stlth    ++++++....             (no ring)
HPRegen  0.21/turn              (no ring)
MPRegen  0.15/turn              (no ring)
                                (no ring)
                                (no ring)

@: singing, very slow
A: almost no armour, stealthy swim, amphibious, 8 rings, constrict 8, camouflage
1, gelatinous body 1
a: Bend Time, Temporal Distortion, Slouch, Step From Time, Renounce Religion


You were on level 10 of the Dungeon.
You worshipped Cheibriados.
Cheibriados was extremely pleased with you.
You were near starving.

You visited 1 branch of the dungeon, and saw 10 of its levels.
You also visited: Sewer.

You collected 464 gold pieces.

Inventory:

Hand Weapons
 l - a +0 short sword of draining
 z - a +2 dagger of venom
Missiles
 o - 32 poisoned darts (quivered)
 B - 10 curare-tipped darts
Jewellery
 g - a ring of wizardry (left tentacle)
 h - an uncursed ring of teleportation
Wands
 b - a wand of disintegration (5)
 c - a wand of enslavement (15)
 p - a wand of paralysis (2)
 v - a wand of polymorph (9)
 M - a wand of acid (3)
Scrolls
 d - a scroll of noise {unknown}
 e - 6 scrolls of teleportation
 i - 3 scrolls of immolation {unknown}
 m - 3 scrolls of remove curse
 q - a scroll of enchant armour {unknown}
 s - 2 scrolls of fog {unknown}
 t - a scroll of blinking {unknown}
 w - a scroll of enchant weapon {unknown}
 x - a scroll of random uselessness {unknown}
 y - 2 scrolls of fear {unknown}
 E - 2 scrolls of amnesia {unknown}
 F - a scroll of vulnerability
 H - a scroll of identify
 I - a scroll of summoning {unknown}
 K - a scroll of acquirement {unknown}
Potions
 a - 2 potions of brilliance
 j - 4 potions of resistance
 k - 2 potions of stabbing
 n - 2 potions of magic
 r - 3 potions of lignification
 u - a potion of berserk rage
 A - 2 potions of invisibility
 C - 2 potions of flight
 D - a potion of degeneration {unknown}
 G - 3 potions of curing
 J - a potion of mutation {unknown}
 L - a potion of might {unknown}
Comestibles
 f - 13 rations


   Skills:
 + Level 5.1 Fighting
 - Level 1.0 Short Blades
 + Level 5.5 Dodging
 - Level 9.0 Stealth
 * Level 9.1 Unarmed Combat
 - Level 2.0 Spellcasting
 + Level 4.6 Hexes
 + Level 2.9 Charms
 + Level 4.3 Invocations
 + Level 7.7 Evocations


You had 3 spell levels left.
You knew the following spells:

 Your Spells              Type           Power        Failure   Level  Hunger
a - Dazzling Flash        Conj/Hex       ###...       4%          3    ###....
b - Tukima's Dance        Hex            ####....     1%          3    ###....
c - Ozocubu's Armour      Chrm/Ice       ##......     6%          3    ###....
d - Song of Slaying       Chrm           ###.....     1%          2    ##.....

Your spell library contained the following spells:

 Spells                   Type           Power        Failure   Level  Hunger
 Corona                   Hex            ####...      1%          1    None
 Infusion                 Chrm           ###.         1%          1    None
 Confusing Touch          Hex            ####....     1%          3    ###....
 Ensorcelled Hibernation  Hex/Ice        ###...       2%          2    ##.....
 Spectral Weapon          Hex/Chrm       ###.....     2%          3    ###....
 Shroud of Golubria       Chrm/Tloc      ##....       3%          2    ##.....


Dungeon Overview and Level Annotations

Branches:
Dungeon (10/15)            Temple (0/1) D:7             Orc (0/2) D:10
  Sewer (visited)
   Lair: D:8-11

Altars:
Cheibriados
Dithmenos
Gozag
Qazlal
Ru
Vehumet

Shops:
D:10 (

Annotations:
D:4 2 transporters, Glundar's ghost, amateur DsNe
D:10 Josephine; Nergalle


Innate Abilities, Weirdness & Mutations

You cannot wear most types of armour.
You are very stealthy in the water. (Stealth+)
You are amphibious.
You can wear up to eight rings at the same time.
You can use your tentacles to constrict eight enemies at once.
Your skin changes colour to match your surroundings (Stealth+).
Your rubbery body absorbs attacks. (AC +1, EV +1)


Message History

The slime creature misses you.
Evoke which item? (* to show all) (? for menu, Esc to quit)
Aiming: Paralyse
Press: ? - help, Shift-Dir - straight line, f/p - slime creature
Aim: a slime creature (chance to defeat MR: 50%)
The slime creature resists with significant effort.
The slime creature closely misses you.
Evoke which item? (* to show all) (? for menu, Esc to quit)
Aiming: Paralyse
Press: ? - help, Shift-Dir - straight line, f/p - slime creature
Aim: a slime creature (chance to defeat MR: 50%)
The slime creature resists with significant effort.
The slime creature barely misses you.
Evoke which item? (* to show all) (? for menu, Esc to quit)
Aiming: Paralyse
Press: ? - help, Shift-Dir - straight line, f/p - slime creature
Aim: a slime creature (chance to defeat MR: 50%)
The slime creature resists with significant effort.
The slime creature hits you!!
You die...

....
.......)......+....
....
.......)......#....
.....
..............###.#
.....##+####.....####
#. ...........#.....#
.. ........(..#.....#
...
...(.......#†....# ..
J......J...#.....#
.J...###@###.....#
... #......###### .
#......# #......#
#......# #......#
#......# ########


You could see a slime creature.

Vanquished Creatures
  A two-headed ogre (D:9)
  Sonja (D:10)
  Joseph (D:9)
  Dowan (D:7)
  Grinder (D:3)
  2 hippogriffs
  Duvessa (D:7)
  2 slime creatures (D:10)
  Sigmund (D:2)
  A hornet zombie (D:5)
  A sky beast (D:10)
  4 orc warriors
  4 ogres
  3 black bears
  A necrophage (D:9)
  2 centaurs
  A boggart (D:4)
  4 bullfrogs
  A wyvern skeleton (D:7)
  A water moccasin skeleton (D:7)
  A scorpion (D:9)
  A killer bee (D:7)
  4 howler monkeys
  3 wights (D:7)
  5 crimson imps
  2 centaur zombies (D:7)
  A bullfrog zombie (D:5)
  2 centaur skeletons
  A jelly (D:9)
  5 orc priests
  A hound (D:5)
  A bullfrog skeleton (D:7)
  Jessica (D:2)
  Ijyb (D:3)
  2 iguanas
  An orc wizard (D:10)
  6 worker ants
  A hound skeleton (D:4)
  Robin (D:2)
  8 adders
  5 gnolls
  A howler monkey skeleton (D:5)
  A river rat (D:5)
  A shadow imp (D:9)
  5 oozes (Sewer)
  An adder skeleton (D:6)
  9 worms
  2 dart slugs (D:2)
  7 leopard geckos
  29 orcs
  5 ball pythons
  5 giant cockroaches
  9 hobgoblins
  6 jackals
  3 quokkas
  13 bats
  8 frilled lizards
  10 goblins
  3 kobolds
  2 quokka zombies
  3 rats
210 creatures vanquished.

Vanquished Creatures (collateral kills)
  Prince Ribbit (D:7)
  A hungry ghost (D:7)
  Blork the orc (D:5)
  An orc priest (D:7)
  A gnoll (D:4)
  A shadow imp (D:7)
  A worm (D:4)
  2 orcs
  A giant cockroach (D:2)
  4 jackals (D:4)
14 creatures vanquished.

Vanquished Creatures (others)
  An ice beast (D:7)
  An ogre (D:4)
2 creatures vanquished.

Grand Total: 226 creatures vanquished

Notes
Turn   | Place    | Note
-------+----------+-------------------------------------------
     0 | D:1      | Maedhros the Octopode Artificer began the quest for the
                  | Orb.
     0 | D:1      | Reached XP level 1. HP: 13/13 MP: 3/3
   141 | D:2      | Reached skill level 1 in Unarmed Combat
   141 | D:2      | Reached XP level 2. HP: 18/18 MP: 4/4
   297 | D:4      | Found a sacrificial altar of Ru.
   298 | D:4      | Found a snail-covered altar of Cheibriados.
   304 | D:4      | Became a worshipper of Cheibriados the Contemplative
   336 | D:4      | Reached XP level 3. HP: 21/23 MP: 5/5
   360 | D:4      | Noticed an ogre
   384 | D:4      | Reached XP level 4. HP: 17/28 MP: 6/6
   395 | D:4      | HP: 1/28 [gnoll/+0 whip (4)]
   396 | D:4      | Reached XP level 5. HP: 2/33 MP: 6/8
   559 | D:2      | Noticed Sigmund
   568 | D:2      | Killed Sigmund
   568 | D:2      | Reached XP level 6. HP: 21/38 MP: 9/9
   616 | D:2      | Found an opulent altar of Gozag.
   633 | D:2      | You fall into a shaft and drop 2 floors!
   692 | D:3      | Noticed Grinder
   743 | D:3      | Noticed Ijyb
   751 | D:3      | Killed Ijyb
   767 | D:3      | Reached * piety under Cheibriados
   939 | D:3      | Killed Grinder
   939 | D:3      | Reached skill level 5 in Stealth
   939 | D:3      | Reached skill level 5 in Unarmed Combat
   939 | D:3      | Reached skill level 5 in Evocations
   939 | D:3      | Reached XP level 7. HP: 43/43 MP: 10/10
  1079 | D:2      | Noticed Robin
  1105 | D:2      | Killed Robin
  1139 | D:2      | Noticed Jessica
  1145 | D:2      | Killed Jessica
  1246 | D:1      | Reached ** piety under Cheibriados
  1503 | D:4      | Found a shadowy altar of Dithmenos.
  1600 | D:4      | Found a transporter.
  1603 | D:4      | Found a transporter.
  1603 | D:4      | Noticed Glundar's ghost (amateur DsNe)
  1653 | D:5      | Entered Level 5 of the Dungeon
  1664 | D:5      | Reached *** piety under Cheibriados
  1699 | D:5      | Reached XP level 8. HP: 28/50 MP: 12/12
  1721 | D:5      | Learned a level 3 spell: Dazzling Flash
  1725 | D:5      | Learned a level 3 spell: Tukima's Dance
  1804 | D:5      | Found a glowing drain.
  1813 | Sewer    | Entered a sewer
  2055 | Sewer    | Reached **** piety under Cheibriados
  2400 | D:6      | Noticed a hippogriff
  2472 | D:6      | Reached skill level 1 in Hexes
  2504 | D:5      | Noticed Blork the orc
  2514 | D:5      | Killed Blork the orc
  2800 | D:6      | Reached ***** piety under Cheibriados
  2800 | D:6      | Reached XP level 9. HP: 56/56 MP: 13/13
  2839 | D:7      | Noticed Dowan
  2841 | D:7      | Noticed Duvessa
  2847 | D:7      | Noticed Prince Ribbit
  2858 | D:7      | Killed Duvessa
  2875 | D:7      | Killed Prince Ribbit
  2875 | D:7      | Reached skill level 1 in Invocations
  2900 | D:7      | Killed Dowan
  2962 | D:7      | Found a staircase to the Ecumenical Temple.
  3103 | D:7      | Reached skill level 1 in Spellcasting
  3131 | D:7      | Found a stormy altar of Qazlal.
  3220 | D:7      | Learned a level 3 spell: Ozocubu's Armour
  3223 | D:7      | Learned a level 2 spell: Song of Slaying
  3500 | D:8      | Reached XP level 10. HP: 38/63 MP: 11/15
  3571 | D:9      | Reached skill level 1 in Charms
  3588 | D:9      | Noticed a two-headed ogre
  3594 | D:9      | Noticed Joseph
  3595 | D:9      | Killed a two-headed ogre
  3610 | D:9      | Killed Joseph
  3650 | D:9      | Reached skill level 5 in Dodging
  3738 | D:8      | Found a radiant altar of Vehumet.
  4127 | D:10     | Entered Level 10 of the Dungeon
  4138 | D:10     | Found a staircase to the Orcish Mines.
  4209 | D:10     | Found Likapank's Weapon Emporium.
  4349 | D:10     | Noticed Sonja
  4356 | D:10     | Killed Sonja
  4426 | D:10     | Noticed Nergalle
  4433 | D:10     | Reached skill level 5 in Fighting
  4438 | D:10     | Noticed Josephine
  4498 | D:10     | Reached XP level 11. HP: 71/71 MP: 10/16
  4528 | D:10     | Mangled by a slime creature

Levels and vault maps discovered:
D:1:      giann_forest_graveyard, layout_basic, serial_corexii_hall,
          corexii_hall_statues_l, corexii_hall_statues_i,
          corexii_hall_statues_t, chequers_hall_statues_wall_a,
          serial_bayou_ford_a, minmay_misc_feat_five, minmay_pentomino_t2
D:2:      layout_basic, nicolae_gozag_cash_rules_everything_around_me,
          first_ration, st_stairs_1, minmay_diced_spiral, uniq_sigmund,
          uniq_jessica, uniq_robin
D:3:      layout_basic, uniq_ijyb, uniq_grinder
D:4:      layout_cave_pools, gammafunk_temple_overflow_pools,
          nicolae_dithmenos_through_a_glass_darkly, gammafunk_ghost_arena,
          st_stairs_10, eino_curves_04, dk_noncrumbling_3
D:5:      layout_gridville, cheibrodos_sewer_entry_sluice, uniq_blork_the_orc
D:6:      layout_layer_cave, makhleb_grotto_becter,
          corexii_item_surrounded_by_moat
D:7:      layout_loops_ring, minmay_temple_entry_statues_pillars,
          minmay_ruined_shrine, uniq_prince_ribbit1, uniq_duvessa
D:8:      layout_loops_ring, nicolae_overflow_hidden_temple, uniq_maggie
D:9:      layout_cave_pods, uniq_joseph
D:10:     layout_gridville, david_orc_2, serial_shops, nicolae_shop_trees,
          uniq_sonja, uniq_josephine, uniq_nergalle, uniq_erolcha

Skill      XL: |  1  2  3  4  5  6  7  8  9 10 |
---------------+-------------------------------+-----
Unarmed Combat | 1 2 3 4 5 6 8 9 |  9.1
Stealth        | 2 3 4 5 6 7 8 9 |  9.0
Evocations     | 4 5 6 7 |  7.7
Fighting       | 3 4 5 |  5.1
Hexes          | 2 3 4 |  4.6
Dodging        | 3 4 5 |  5.5
Invocations    | 2 4 |  4.3
Spellcasting   | 2 |  2.0
Charms         | 2 |  2.9
Short Blades   | |  1.0

Action                   |  1- 3 |  4- 6 |  7- 9 | 10-12 || total
-------------------------+-------+-------+-------+-------++-------
Melee: Short sword       |    23 |    44 |   174 |       ||   241
       Constrict         |     8 |    13 |    61 |    19 ||   101
       Tentacles         |     2 |     7 |    71 |    35 ||   115
       Punch             |       |       |    17 |    12 ||    29
       Unarmed           |       |       |    64 |    80 ||   144
Throw: Dart              |       |       |       |     1 ||     1
 Cast: Ozocubu's Armour  |       |       |     1 |     5 ||     6
       Dazzling Flash    |       |       |     1 |       ||     1
       Song of Slaying   |       |       |       |     3 ||     3
Invok: Slouch            |       |       |       |     1 ||     1
Evoke: Wand              |     8 |     8 |    13 |    21 ||    50
  Use: Scroll            |       |       |     7 |     2 ||     9
       Potion            |       |       |     4 |       ||     4
 Stab: Sleeping          |     2 |     3 |    51 |     5 ||    61
       Confused          |     1 |       |       |       ||     1
       Paralysed         |       |     3 |       |     7 ||    10
       Distracted        |       |       |     1 |     1 ||     2
       Betrayed ally     |       |       |       |     1 ||     1
  Eat: Chunk             |       |       |     5 |     2 ||     7
Armor: Skin              |       |     3 |    12 |     3 ||    18
Dodge: Dodged            |    28 |    20 |   144 |    63 ||   255

Table legend:
 A = Non-vault XP
 B = Vault XP
 C = Vault XP percentage of total XP
 D = Non-vault monster count
 E = Vault monster count
 F = Vault count percentage of total count
                 A         B        C        D         E       F
            +---------+---------+-------+---------+---------+-------
      Total |    6387 |    3433 |  35.0 |     150 |      74 |  33.0
            +---------+---------+-------+---------+---------+-------
        D:1 |      25 |       3 |  10.7 |      15 |       2 |  11.8
        D:2 |      17 |     328 |  95.1 |       7 |      19 |  73.1
        D:3 |      57 |     317 |  84.8 |      13 |       2 |  13.3
        D:4 |     375 |      11 |   2.8 |      25 |       3 |  10.7
        D:5 |     380 |      70 |  15.6 |      14 |       5 |  26.3
        D:6 |     731 |       0 |   0.0 |      15 |       0 |   0.0
        D:7 |     870 |    1062 |  55.0 |      17 |       9 |  34.6
        D:8 |     393 |       0 |   0.0 |       7 |       0 |   0.0
        D:9 |    2154 |     471 |  17.9 |      22 |       1 |   4.3
       D:10 |    1385 |    1085 |  43.9 |      15 |       7 |  31.8
      Sewer |       0 |      86 | 100.0 |       0 |      26 | 100.0
            +---------+---------+-------+---------+---------+-------
